 Dungeon Crawl Stone Soup version 0.27-a0-828-g8289197e94 (webtiles) character file.

Game seed: 4104587890820717891

5826 tilp the Placeless Ogre (level 10, -2/110 HPs)
             Began as an Ogre Warper on Mar 30, 2021.
             Was a Priest of Nemelex Xobeh.
             Slain by a warg (10 damage)
             ... on level 8 of the Dungeon.
             The game lasted 00:36:44 (19920 turns).

tilp the Placeless Ogre (Ogre Warper)              Turns: 19920, Time: 00:36:45

Health: -2/110     AC:  5    Str: 17    XL:     10   Next: 80%
Magic:  5/16       EV:  9    Int: 17    God:    Nemelex Xobeh [***...]
Gold:   457        SH:  0    Dex:  8    Spells: 3/17 levels left

rFire    . . .     SeeInvis .   A - +2 giant spiked club (drain)
rCold    . . .     Faith    .   (shield currently unavailable)
rNeg     . . .     Spirit   .   m - +0 robe
rPois    .         Reflect  .   t - +2 hat {Stlth+}
rElec    .         Harm     .   (no cloak)
rCorr    .         Rampage  .   (gloves unavailable)
Will     +....                  (boots unavailable)
Stlth    ++........             (no amulet)
HPRegen  0.28/turn              (no ring)
MPRegen  0.15/turn              (no ring)

@: no status effects
A: large, unfitting armour, tough skin 1
a: Renounce Religion, Draw Escape, Draw Destruction, Draw Summoning, Triple Draw


You were on level 8 of the Dungeon.
You worshipped Nemelex Xobeh.
Nemelex Xobeh was most pleased with you.
You visited 1 branch of the dungeon, and saw 8 of its levels.
You also visited: Ossuary.

You collected 457 gold pieces.

Inventory:

Hand Weapons
 a - a +0 flail
 b - the +6 dagger of Evisceration {vorpal, rN+}
   (You took it off a goblin on level 4 of the Dungeon)

   It inflicts extra damage upon your enemies.
   It protects you from negative energy.
 o - a +1 whip of flaming
 r - a +0 whip of venom
 z - a +0 mace
 A - a +2 giant spiked club of draining (weapon)
Missiles
 e - 5 boomerangs of dispersal {!f}
 f - 6 atropa-tipped darts
 k - a throwing net {!f}
 l - 8 boomerangs
 w - 5 javelins
 E - 17 poisoned darts (quivered)
 F - a curare-tipped dart
Armour
 m - a +0 robe (worn)
 t - a +2 hat of stealth (worn)
Wands
 x - a wand of acid (4)
 y - a wand of paralysis (6)
Scrolls
 d - 2 scrolls of blinking
 p - a scroll of amnesia
Potions
 c - a potion of invisibility
 g - 3 potions of brilliance
 h - a potion of mutation
 j - a potion of curing
 n - a potion of heal wounds
 q - a potion of lignification
 u - 3 potions of flight
 v - a potion of attraction
 D - 2 potions of magic


   Skills:
 - Level 10.0 Fighting
 + Level 6.1 Maces & Flails
 - Level 1.0 Throwing
 - Level 2.1 Dodging
 - Level 4.0 Spellcasting
 - Level 10.0 Translocations
 - Level 4.0 Invocations
 - Level 4.0 Evocations


You had 3 spell levels left.
You knew the following spells:

 Your Spells              Type           Power      Damage    Failure   Level
a - Blink                 Tloc           N/A        N/A       1%          2
b - Apportation           Tloc           74%        N/A       1%          1
c - Teleport Other        Tloc           37%        N/A       1%          3
d - Lesser Beckoning      Tloc           18%        N/A       1%          3
e - Manifold Assault      Tloc           37%        N/A       7%          5

Your spell library contained the following spells:

 Spells                   Type           Power      Damage    Failure   Level
 Gell's Gravitas          Tloc           18%        N/A       1%          3
 Animate Skeleton         Necr           6%         N/A       16%         1
 Corona                   Hex            3%         N/A       16%         1
 Shock                    Conj/Air       12%        1d3       16%         1
 Summon Small Mammal      Summ           12%        N/A       16%         1
 Call Imp                 Summ           3%         N/A       24%         2
 Swiftness                Air            3%         N/A       24%         2
 Call Canine Familiar     Summ           3%         N/A       43%         3
 Static Discharge         Conj/Air       3%         N/A       43%         3
 Summon Guardian Golem    Hex/Summ       3%         N/A       43%         3
 Airstrike                Air            1%         N/A       83%         4
 Summon Ice Beast         Ice/Summ       3%         N/A       83%         4
 Summon Lightning Spire   Summ/Air       3%         N/A       83%         4
 Lightning Bolt           Conj/Air       1%         1d12      99%         5


Dungeon Overview and Level Annotations

Branches:
Dungeon (8/15)             Temple (0/1) D:4         Ossuary (visited)
   Lair: D:8-11

Altars:
Cheibriados
Nemelex Xobeh
Ru
The Shining One

Shops:
D:5 :

Annotations:
D:5 3 runed translucent doors, banchobear's ghost, amateur DrMo
D:6 3 runed translucent doors, Megustar's ghost, novice DECj; sastreii's ghost, novice FoFi; trm's ghost, amateur DsDe


Innate Abilities, Weirdness & Mutations

You are too large for most types of armour.
You have tough skin. (AC +1)


Message History

Press: ? - help, Q - select action, (/) - cycle Shift-Dir - straight line, f - bullfrog
Aim: a bullfrog (53% to hit)
You throw a poisoned dart.
The poisoned dart closely misses the bullfrog.
Throw: 19 darts (poison)
Press: ? - help, Q - select action, (/) - cycle Shift-Dir - straight line, f/p - bullfrog
Aim: a bullfrog (53% to hit)
You throw a poisoned dart.
The poisoned dart closely misses the bullfrog.
Throw: 18 darts (poison)
Press: ? - help, Q - select action, (/) - cycle Shift-Dir - straight line, f/p - bullfrog
Aim: a bullfrog (53% to hit)
You throw a poisoned dart.
The poisoned dart closely misses the bullfrog.
The poisoned dart closely misses the warg.
The warg howls!
The bullfrog hits you.
* * * LOW HITPOINT WARNING * * *
Okay, then.
You closely miss the bullfrog.
The bullfrog swells and bulges.
The bullfrog misses you. The bullfrog hits you.
* * * LOW HITPOINT WARNING * * *
You barely miss the bullfrog. The bullfrog hits you.
* * * LOW HITPOINT WARNING * * *
The bullfrog hits you but does no damage.
You sock the bullfrog!
The bullfrog is moderately wounded.
The bullfrog closely misses you. The bullfrog hits you.
* * * LOW HITPOINT WARNING * * *
You bludgeon the bullfrog!!
You kill the bullfrog!
The warg barely misses you.
You hit the warg.
The warg is lightly wounded.
The warg bites you!
* * * LOW HITPOINT WARNING * * *
The warg bites you!
You die...
Your body disappears without a glow.

#..#.# #..#.# ### #..#.#
#.#.# #..#.# #.#.# #..#.#####
###.#.###........#
.#..........#.###.#
.........#...#.###.#
.........(.....h@#.#
#.#.#.#..#...#.###.#### #
#.#.#...............#
..#.#.#..#...#.###)####
#........(.....§...##
#.#.......((...§§§.)#######
#.#.#.#..#.###.§§§........#
#.#.#.#..#.# #.##§..#####.###
#.#.#.#.##.###.##...........#


You could see a warg.

Vanquished Creatures
  A two-headed ogre (D:6)
  Pikel (D:6)
  A troll (D:6)
  5 humans (D:7)
  2 steam dragons
  2 water moccasins
  A hornet zombie (D:6)
  2 ice beasts
  3 necrophages (D:6)
  A sky beast (D:5)
  A centaur (D:8)
  3 lemures (D:6)
  3 phantoms
  2 kobold brigands (D:7)
  3 bullfrogs
  A wyvern zombie (D:7)
  6 scorpions
  A water moccasin zombie (D:5)
  A wyvern skeleton (D:7)
  2 killer bees (D:8)
  6 howler monkeys
  A centaur zombie (D:6)
  4 hounds
  An orc priest (D:7)
  A jelly (D:5)
  4 centaur skeletons (D:6)
  A bullfrog skeleton (D:5)
  2 iguanas
  Ijyb (D:3)
  8 orc wizards
  12 mummies (Ossuary)
  4 gnolls (D:6)
  9 adders
  A howler monkey skeleton (D:5)
  A shadow imp (D:7)
  3 white imps
  An ufetubus (D:5)
  An adder zombie (D:5)
  An adder skeleton (D:4)
  2 worms
  5 dart slugs
  22 orcs
  12 bats
  10 endoplasms
  3 giant cockroaches
  5 goblins
  5 hobgoblins
  9 jackals
  11 kobolds
  5 quokkas
  4 ball pythons
  4 frilled lizards
  3 gnoll skeletons (Ossuary)
  A goblin skeleton (Ossuary)
  2 kobold skeletons (Ossuary)
  2 orc skeletons (Ossuary)
  7 rats
  11 rat skeletons (Ossuary)
227 creatures vanquished.

Vanquished Creatures (collateral kills)
  A human (D:7)
1 creature vanquished.

Vanquished Creatures (others)
  2 plants (D:3)
2 creatures vanquished.

Grand Total: 230 creatures vanquished

Notes
Turn   | Place    | Note
-------+----------+-------------------------------------------
     0 | D:1      | tilp the Ogre Warper began the quest for the Orb.
     0 | D:1      | Reached XP level 1. HP: 22/22 MP: 3/3
   258 | D:1      | Reached XP level 2. HP: 31/31 MP: 5/5
   260 | D:1      | Learned a level 1 spell: Apportation
   263 | D:1      | Learned a level 2 spell: Blink
   939 | D:1      | Reached XP level 3. HP: 36/39 MP: 6/6
  1433 | D:2      | Found a faded altar of an unknown god.
  1756 | D:2      | Reached XP level 4. HP: 49/49 MP: 7/7
  2517 | D:2      | Reached skill level 5 in Fighting
  2517 | D:2      | Reached XP level 5. HP: 16/57 MP: 8/8
  2777 | D:2      | Found a glowing golden altar of the Shining One.
  2781 | D:2      | Found a sparkling altar of Nemelex Xobeh.
  2786 | D:2      | Found a sacrificial altar of Ru.
  2795 | D:2      | Became a worshipper of Nemelex Xobeh the Trickster
  3679 | D:3      | Noticed Ijyb
  4073 | D:3      | Reached * piety under Nemelex Xobeh
  4706 | D:3      | Reached XP level 6. HP: 65/67 MP: 9/9
  4982 | D:4      | Reached skill level 1 in Invocations
  5407 | D:4      | Identified the +6 dagger of Evisceration {vorpal, rN+}
  5737 | D:4      | Found a staircase to the Ecumenical Temple.
  6042 | D:4      | Received a gift from Nemelex Xobeh
  6069 | D:5      | Entered Level 5 of the Dungeon
  6396 | D:5      | Reached XP level 7. HP: 35/75 MP: 10/10
  6624 | D:5      | Found a runed translucent gate.
  6624 | D:5      | Found a runed translucent gate.
  6625 | D:5      | Found a runed translucent gate.
  6655 | D:5      | Noticed banchobear's ghost (amateur DrMo)
  6788 | D:5      | Reached ** piety under Nemelex Xobeh
  7265 | D:5      | Received a gift from Nemelex Xobeh
  7324 | D:5      | Identified the +3 ring mail of the Evening {rElec rPois
                  | rCorr Str+2}
  8445 | D:5      | Found Ibecs's Book Boutique.
  8561 | D:5      | Reached XP level 8. HP: 73/87 MP: 14/14
  8565 | D:5      | Learned a level 3 spell: Teleport Other
  8736 | D:6      | Noticed Pikel
  8743 | D:6      | Paralysed by Pikel for 7 turns
  8754 | D:6      | Noticed a troll
  9859 | D:6      | Killed Pikel
  9860 | D:6      | Reached skill level 5 in Translocations
 10124 | D:6      | Reached XP level 9. HP: 41/96 MP: 15/15
 10131 | D:6      | Learned a level 3 spell: Lesser Beckoning
 10137 | D:6      | Learned a level 5 spell: Manifold Assault
 10476 | D:6      | Found a runed translucent gate.
 10476 | D:6      | Found a runed translucent gate.
 10478 | D:6      | Found a runed translucent gate.
 10480 | D:6      | Noticed Megustar's ghost (novice DECj)
 10480 | D:6      | Noticed trm's ghost (amateur DsDe)
 10480 | D:6      | Noticed sastreii's ghost (novice FoFi)
 10540 | D:6      | Killed a troll
 10834 | D:6      | Found a snail-covered altar of Cheibriados.
 11066 | D:6      | Noticed a two-headed ogre
 11422 | D:6      | Killed a two-headed ogre
 11784 | D:6      | HP: 4/96 [orc wizard/magic dart (5)]
 12272 | D:6      | Reached XP level 10. HP: 33/104 MP: 16/16
 12881 | D:3      | Killed Ijyb
 13129 | D:7      | Found a sand-covered staircase.
 13135 | Ossuary  | Entered an ossuary
 13674 | Ossuary  | Received a gift from Nemelex Xobeh
 14493 | D:7      | Reached skill level 10 in Translocations
 16816 | D:7      | Reached skill level 5 in Maces & Flails
 18115 | D:8      | Received a gift from Nemelex Xobeh
 18440 | D:8      | Reached *** piety under Nemelex Xobeh
 19464 | D:8      | HP: 5/110 [warg (12)]
 19892 | D:8      | Reached skill level 10 in Fighting
 19920 | D:8      | Slain by a warg

Illustrated notes

Levels and vault maps discovered:
D:1:      dpeg_arrival_rooms_a, layout_basic
D:2:      minmay_skewed_foursquare, layout_loops_ring,
          grunt_temple_overflow_diamond, chequers_ecumenical_altar_simple,
          grunt_decor_one_mirror, kennysheep_generic_room_15
D:3:      layout_basic, serial_bayou_pond_d, uniq_ijyb
D:4:      layout_loops_ring, temple_statues
D:5:      layout_basic, gammafunk_ghost_icy, serial_shops,
          nicolae_shop_window_shopping, minmay_misc_feat_secret_circle
D:6:      minmay_octagon_keep, layout_loops_ring, gammafunk_ghost_cemetery,
          grunt_decor_junction, kennysheep_slug_shrine, uniq_pikel
D:7:      layout_rooms, nicolae_ossuary_entry_plus, minmay_ruffians
D:8:      layout_basic, erik_lair_orcish_takeover

Skill      XL: |  1  2  3  4  5  6  7  8  9 10 |
---------------+-------------------------------+-----
Fighting       | 3 4 5 6 7 8 10 | 10.0
Maces & Flails | 2 3 4 6 |  6.1
Invocations    | 4 |  4.0
Translocations | 3 5 9 10 | 10.0
Spellcasting   | 4 |  4.0
Evocations     | 3 4 |  4.0
Throwing       | |  1.0
Dodging        | |  2.1

Action                   |  1- 3 |  4- 6 |  7- 9 | 10-12 || total
-------------------------+-------+-------+-------+-------++-------
Melee: Mace              |   139 |   192 |       |       ||   331
       Flail             |       |     5 |       |   165 ||   170
       Dagger            |       |    39 |   229 |       ||   268
       Whip              |       |       |    76 |   290 ||   366
       Giant spiked club |       |       |       |    28 ||    28
Throw: Stone             |    15 |    41 |    12 |       ||    68
       Boomerang         |       |       |    10 |     4 ||    14
       Dart              |       |       |       |    37 ||    37
 Cast: Blink             |       |     4 |     7 |     9 ||    20
       Teleport Other    |       |       |     5 |     1 ||     6
       Manifold Assault  |       |       |       |    56 ||    56
Invok: Draw Destruction  |       |       |    15 |     6 ||    21
       Draw Summoning    |       |       |     1 |     1 ||     2
       Draw Escape       |       |       |       |     5 ||     5
Evoke: Wand              |       |       |     6 |    14 ||    20
  Use: Scroll            |     1 |     2 |     6 |    18 ||    27
       Potion            |       |       |     2 |     6 ||     8
 Stab: Sleeping          |       |       |     2 |     3 ||     5
       Paralysed         |       |       |       |     6 ||     6
Armor: Robe              |    66 |    94 |    53 |    93 ||   306
       Skin              |       |       |       |    86 ||    86
Dodge: Dodged            |    81 |   116 |   117 |   161 ||   475

Table legend: (Time is in decaauts)
 A = Elapsed time spent in this place.
 B = Non-inter-level travel time spent in this place.
 C = Inter-level travel time spent in this place.
 D = Time resting spent in this place.
 E = Time spent auto-exploring this place.
 F = Levels seen in this place.
 G = Mean time per level.
                   A        B        C        D        E       F      G
               +--------+--------+--------+--------+--------+-----+--------+
         Total |  20018 |  19550 |    468 |   9759 |   6702 |   9 | 2224.2 |
       Dungeon |  18708 |  18240 |    468 |   8910 |   6642 |   8 | 2338.5 |
       Ossuary |   1310 |   1310 |      0 |    849 |     60 |   1 | 1310.0 |
               +--------+--------+--------+--------+--------+-----+--------+

Top non-repeatable levels by time:
     D:6: 4139 daAuts
     D:5: 3525 daAuts
     D:7: 3109 daAuts
     D:2: 1777 daAuts
     D:3: 1731 daAuts
     D:1: 1589 daAuts
     D:8: 1507 daAuts
     D:4: 1329 daAuts
 Ossuary: 1310 daAuts
